 Dungeon Crawl Stone Soup version 0.30-a0-359-gd0147acb1a (webtiles) character file.

Game seed: 13294979667900432171

48 themarg the Chiller (level 3, 0/24 HPs)
             Began as a Merfolk Ice Elementalist on Nov 11, 2022.
             Was an Initiate of Ashenzari.
             Slain by an orc priest
             ... wielding a +0 flail
              (11 damage)
             ... on level 3 of the Dungeon on Nov 12, 2022.
             The game lasted 00:06:52 (2351 turns).

themarg the Chiller (Merfolk Ice Elementalist)      Turns: 2351, Time: 00:06:52

Health: 0/24       AC:  2    Str:  8    XL:     3   Next: 72%
Magic:  3/7        EV: 12    Int: 16    God:    Ashenzari [......]
Gold:   163        SH:  0    Dex: 14    Spells: 6/7 levels left

rFire   . . .      SeeInvis .    h - +0 spear
rCold   . . .      Faith    .    (no shield)
rNeg    . . .      Spirit   .    a - +0 robe
rPois   .          Reflect  .    (no helmet)
rElec   .          Harm     .    (no cloak)
rCorr   .          Rampage  .    (no gloves)
Will    .....                    (no boots)
Stlth   ++........               (no amulet)
HPRegen 0.24/turn                (no ring)
MPRegen 0.10/turn                (no ring)

@: no status effects
A: (nimble swimmer 2), mertail
a: Renounce Religion


You were on level 3 of the Dungeon.
You worshipped Ashenzari.
Ashenzari was noncommittal.
You visited 1 branch of the dungeon, and saw 3 of its levels.

You collected 163 gold pieces.

Inventory:

Hand Weapons
 h - a +0 spear (weapon)
Missiles
 d - 6 poisoned darts
 e - 30 stones
 s - 5 javelins
Armour
 a - a +0 robe (worn)
Jewellery
 q - a ring of positive energy
 t - a +6 ring of intelligence
Scrolls
 c - a scroll of brand weapon {unknown}
 f - a scroll of butterflies {unknown}
 k - a scroll of immolation {unknown}
 n - a scroll of noise {unknown}
 o - 3 scrolls of identify {unknown}
 p - 2 scrolls of vulnerability {unknown}
 r - 2 scrolls of enchant armour {unknown}
 u - a scroll of amnesia {unknown}
Potions
 b - a potion of magic
 g - a potion of resistance {unknown}
 i - a potion of flight {unknown}
 j - 2 potions of degeneration {unknown}
 l - a potion of lignification {unknown}
 m - a potion of haste {unknown}


   Skills:
 - Level 2.6 Dodging
 - Level 3.0 Stealth
 + Level 2.7 Spellcasting
 + Level 5.0 Ice Magic


You had 6 spell levels left.
You knew the following spells:

 Your Spells              Type           Power      Damage    Failure   Level
a - Freeze                Ice            72%        1d8       2%          1

Your spell library contained the following spells:

 Spells                   Type           Power      Damage    Failure   Level
 Frozen Ramparts          Ice            36%        1d6       8%          3
 Ozocubu's Armour         Ice            18%        N/A       8%          3
 Apportation              Tloc           4%         N/A       19%         1
 Necrotise                Necr           8%         1d4       19%         1
 Summon Small Mammal      Summ           8%         N/A       19%         1
 Call Canine Familiar     Summ           2%         N/A       50%         3
 Dazzling Flash           Conj/Hex       4%         N/A       50%         3
 Portal Projectile        Hex/Tloc       4%         N/A       50%         3
 Summon Ice Beast         Ice/Summ       10%        N/A       56%         4
 Iskenderun's Mystic Bla  Conj/Tloc      2%         2d3       88%         4
 Leda's Liquefaction      Hex/Erth       1%         N/A       88%         4
 Summon Mana Viper        Hex/Summ       2%         N/A       99%         5
 Starburst                Conj/Fire      1%         6d3       100%        6
 Monstrous Menagerie      Summ           1%         N/A       100%        7


Dungeon Overview and Level Annotations

Branches:
Dungeon (3/15)

Altars:
Ashenzari
Ru

Shops:
D:3 =

Annotations:
D:3 Terence


Innate Abilities, Weirdness & Mutations

((You are very nimble when in or above water. (Stealth+, EV+, Speed+++)))
Your lower body shifts to a powerful aquatic tail in water.


Message History

Casting: Freeze (safe; 2% risk of failure)
Confirm with . or Enter, or press ? or * to list all spells.
Aiming: Freeze (safe; 2% risk of failure)
Press: ? - help, Shift-Dir - straight line, f - ball python
Aim: a ball python You freeze the ball python.
You kill the ball python!
Your Ice Magic skill increases to level 5!
Reach: h) +0 spear
Press: ? - help, Dir - move target, f - orc priest
Aim: an orc priest, wielding a +0 flail (about 40% to evade your +0 spear)
You reach to attack!
You hit the orc priest.
The orc priest is lightly wounded.
Casting: Freeze (safe; 2% risk of failure)
Confirm with . or Enter, or press ? or * to list all spells.
Aiming: Freeze (safe; 2% risk of failure)
Press: ? - help, Shift-Dir - straight line, f/p - orc priest
Aim: an orc priest, wielding a +0 flail (lightly wounded)
You freeze the orc priest.
The orc priest is moderately wounded.
The orc priest mumbles some strange prayers to Beogh against you.
Beogh smites you!
Ouch! That really hurt!
Casting: Freeze (safe; 2% risk of failure)
Confirm with . or Enter, or press ? or * to list all spells.
Aiming: Freeze (safe; 2% risk of failure)
Press: ? - help, Shift-Dir - straight line, f/p - orc priest
Aim: an orc priest, wielding a +0 flail (moderately wounded)
You freeze the orc priest.
The orc priest is heavily wounded.
The orc priest looks braver for a moment.
Casting: Freeze (safe; 2% risk of failure)
Confirm with . or Enter, or press ? or * to list all spells.
Aiming: Freeze (safe; 2% risk of failure)
Press: ? - help, Shift-Dir - straight line, f/p - orc priest
Aim: an orc priest, wielding a +0 flail (heavily wounded)
You freeze the orc priest.
The orc priest is heavily wounded.
The orc priest hits you with a +0 flail!
You die...

#....## #......#
.......#..###.######
#..######.....# ######### #.
#..###########.......#
....####..#####.......#####.##
...........................#'#.
.##.####....#.#...........#_#.
K...####.#.#.#...........###.
##.##.......#.#@#########.......
........#####>#o# #.......
.....#...o..S..K# ###.....
o..$........<.### ######
o....####.##...### .=.
#####....# . ##.#.# #...# #####


You could see an orc priest and a kobold.

Vanquished Creatures
  A worm (D:2)
  A dart slug (D:2)
  5 ball pythons
  6 bats
  3 endoplasms (D:1)
  3 giant cockroaches
  3 goblins (D:2)
  A hobgoblin (D:2)
  A quokka (D:2)
  3 frilled lizards
  9 kobolds
  7 rats
43 creatures vanquished.

Notes
Turn   | Place    | Note
-------+----------+-------------------------------------------
     0 | D:1      | themarg the Merfolk Ice Elementalist began the quest for
                  | the Orb.
     0 | D:1      | Reached XP level 1. HP: 13/13 MP: 3/3
   459 | D:1      | Reached XP level 2. HP: 19/19 MP: 5/5
  1433 | D:2      | Reached XP level 3. HP: 24/24 MP: 4/6
  1658 | D:2      | Found a sacrificial altar of Ru.
  2213 | D:2      | Upgraded the game from 0.30-a0-358-g0d69a1922f to
                  | 0.30-a0-359-gd0147acb1a
  2233 | D:3      | Found Pulemoz's Jewellery Shop.
  2242 | D:3      | Noticed Terence
  2280 | D:3      | Found a broken altar of Ashenzari.
  2304 | D:3      | Became a worshipper of Ashenzari the Shackled
  2346 | D:3      | Reached skill level 5 in Ice Magic
  2351 | D:3      | Slain by an orc priest

Illustrated notes

Levels and vault maps discovered:
D:1:      roderic_crop_circles_arrival_small, layout_basic, minmay_distorted
D:2:      minmay_kobold_bridge, layout_loops_cross, basic_altar
D:3:      layout_rooms, ashenzari_conservatory_becter, serial_shops, shop_coins,
          shop, nicolae_shop_stone, nicolae_shop_crystal, shop, uniq_terence

Skill      XL: |  1  2  3 |
---------------+----------+-----
Stealth        | 3 |  3.0
Ice Magic      | 5 |  5.0
Dodging        | |  2.6
Spellcasting   | |  2.7

Action                   || total
-------------------------++-------
Melee: Spear             ||    46
 Cast: Freeze            ||    53
 Stab: Sleeping          ||     8
       Distracted        ||     1
Armor: Robe              ||    11
Dodge: Dodged            ||    32

Table legend: (Time is in decaauts)
 A = Elapsed time spent in this place.
 B = Non-inter-level travel time spent in this place.
 C = Inter-level travel time spent in this place.
 D = Time resting spent in this place.
 E = Time spent auto-exploring this place.
 F = Levels seen in this place.
 G = Mean time per level.
                   A        B        C        D        E       F      G
               +--------+--------+--------+--------+--------+-----+--------+
         Total |   2354 |   2290 |     64 |     42 |   1907 |   3 |  784.7 |
       Dungeon |   2354 |   2290 |     64 |     42 |   1907 |   3 |  784.7 |
               +--------+--------+--------+--------+--------+-----+--------+

Top non-repeatable levels by time:
     D:1: 1401 daAuts
     D:2: 816 daAuts
     D:3: 137 daAuts
